Cogmind - Beta 16.1 @@@ ROGUE MODE // 2026.02.26 @ 22:20:42 Player: MrWaffler Result: Self-destructed Performance ------------- Evolutions (4) 2000 Regions Visited (9) 1800 Robots Destroyed (122) 610 Value Destroyed (4480) 4480 Prototype IDs (37) 740 Alien Tech Used (0) 0 Bonus (1257) 1257 TOTAL SCORE: 10887 Bonus ------- High Alert Combat Kills 457 Entered DSFs 500 Aligned with FarCom 300 Cogmind --------- Core Integrity 736/850 Matter 137/300 Energy 300/300 System Corruption 1% Temperature Cool (0) Movement Flying (27) Location -6/DSF Parts ------- > --- POWER (1) -------- Enhanced Nuclear Core > --- PROPULSION (5) --- Xenon Bombardment Thruster Cooled VTOL Module Cooled VTOL Module Cooled VTOL Module > --- UTILITY (6) ------ Enhanced Optical Array Advanced Targeting Computer System Shield Trap Reconfigurator > --- WEAPON (3) ------- Gauss Rifle Mini Assault Cannon > --- INVENTORY (5) ---- Light Fission Core Hacking Suite Powered Hammer Peak State ------------ > --- POWER ------------ Enhanced Nuclear Core > --- PROPULSION ------- Xenon Bombardment Thruster Cooled VTOL Module Cooled VTOL Module Cooled VTOL Module > --- UTILITY ---------- Enhanced Optical Array Advanced Targeting Computer Reaction Control System Hacking Suite System Shield Trap Reconfigurator > --- WEAPON ----------- Gauss Rifle Mini Assault Cannon Powered Hammer > --- INVENTORY -------- Light Fission Core Hacking Suite Improved Grenade Launcher [Rating: 64] Favorites ----------- Power Light Nuclear Core Engine Deuterium Engine Power Core Light Nuclear Core Propulsion Armored Treads Treads Armored Treads Leg Aluminum Leg Wheel Wheel Flight Unit Cooled VTOL Module Utility Advanced Targeting Computer Device Trap Reconfigurator Storage Huge Storage Unit Processor Advanced Targeting Computer Hackware Hacking Suite Protection Layered Light Armor Plating Weapon Mini Assault Cannon Energy Gun Advanced Beam Rifle Energy Cannon EM Pulse Cannon Ballistic Gun Assault Rifle Ballistic Cannon Mini Assault Cannon Launcher Heavy Missile Launcher Impact Weapon Powered Hammer Build | -11 -10 -10 -10 -9 -8 -7 -7 -6 -6 ------- Run | Yrd Mat Min Exi Min Mat Fac Sto Fac DSF Slots Evolved 8 | . . . . . 4 2 . 2 . Power . | . . . . . . . . . . Propulsion 3 | . . . . . 1 . . 2 . Utility 4 | . . . . . 2 2 . . . Weapon 1 | . . . . . 1 . . . . Parts Attached 88 | 8 5 . . 1 16 37 19 2 . Power 13 | 1 . . . . 2 6 4 . . Engine 6 | 1 . . . . . 3 2 . . Core 7 | . . . . . 2 3 2 . . Reactor . | . . . . . . . . . . Propulsion 22 | 2 3 . . . 3 6 7 1 . Treads 12 | . 2 . . . 3 5 2 . . Leg 3 | 1 . . . . . . 2 . . Wheel 2 | 1 1 . . . . . . . . Hover . | . . . . . . . . . . Flight 5 | . . . . . . 1 3 1 . Utility 22 | 2 1 . . 1 5 9 3 1 . Device 7 | 1 . . . 1 1 2 2 . . Storage 4 | 1 1 . . . 1 1 . . . Processor 4 | . . . . . 1 2 . 1 . Hackware 2 | . . . . . 1 1 . . . Protection 5 | . . . . . 1 3 1 . . Artifact . | . . . . . . . . . . Weapon 31 | 3 1 . . . 6 16 5 . . Energy Gun 12 | 2 1 . . . 2 6 1 . . Energy Cannon 6 | . . . . . 2 4 . . . Ballistic Gun 5 | 1 . . . . 1 . 3 . . Ballistic Cannon 5 | . . . . . 1 3 1 . . Launcher 2 | . . . . . . 2 . . . Special Weapon . | . . . . . . . . . . Impact Weapon 1 | . . . . . . 1 . . . Slashing Weapon . | . . . . . . . . . . Piercing Weapon . | . . . . . . . . . . Special Melee Weapon . | . . . . . . . . . . Unidentified Prototypes 12 | . . . . . 1 7 4 . . Parts Lost 39 | . . . . . 4 15 16 . 4 Power 8 | . . . . . 1 5 2 . . Propulsion 10 | . . . . . 2 3 5 . . Utility 6 | . . . . . 1 . 3 . 2 Weapon 15 | . . . . . . 7 6 . 2 Highest Loss Streak 7 | . . . . . 2 4 7 . 4 To Critical Strikes . | . . . . . . . . . . Average Backups 18 | 4 5 8 8 9 9 22 19 4 4 Power 3 | . 1 2 2 2 4 3 2 . 1 Propulsion 2 | 3 4 4 4 4 . 3 2 . . Utility 7 | . . 1 1 2 1 9 8 1 1 Weapon 4 | . . 1 1 1 3 5 5 3 2 Tool/Special . | . . . . . . . . . . Unused Backups 21 | . . . . . 2 8 8 1 2 Power 4 | . . . . . 1 1 . 1 1 Propulsion 3 | . . . . . 1 2 . . . Utility 13 | . . . . . . 4 8 . 1 Weapon 1 | . . . . . . 1 . . . Tool/Special . | . . . . . . . . . . Average Slot Usage (%) 98 | . 100 100 100 100 96 99 96 92 84 Engine 3 | . 14 14 14 14 1 3 3 . . Core 3 | . . . . . 7 3 2 6 6 Treads 19 | . 8 . . . 21 22 14 . . Wheel 2 | . 12 28 28 28 4 . . . . Flight 1 | . . . . . . . 6 25 26 Device 5 | . 14 14 14 14 9 3 6 13 11 Storage 7 | . 14 14 14 14 9 7 5 . . Processor 12 | . . . . . 8 14 15 13 13 Hackware 11 | . . . . . 1 14 15 13 11 Protection 3 | . . . . . 5 3 2 . . Energy Gun 8 | . 14 14 14 14 1 10 4 6 . Energy Cannon 3 | . . . . . 9 4 . . . Ballistic Gun 2 | . 14 14 14 14 8 . 3 6 2 Ballistic Cannon 5 | . . . . . 7 6 9 . 2 Impact Weapon 1 | . . . . . . 1 2 6 4 Peak Build Rating 64 | 7 8 8 8 16 40 56 56 62 64 Average Rating 43 | 5 7 8 8 13 31 48 50 60 59 On Entrance 25 | . 7 8 8 8 16 40 53 55 60 Avg Prop Armor Cover (%) 13 | 5 5 . . . 15 . . . . Naked Turns . | . . . . . . . . . . Heaviest Build 112 | 12 18 18 18 18 40 108 112 20 24 Greatest Support 62 | 10 40 26 26 26 62 62 60 21 21 Greatest Overweight (x) 9 | 1 1 . . . 3 1 9 1 1 Average Overweight (x) . | . . . . . 1 . 1 . . Largest Inventory Capacity 25 | 8 10 10 10 10 15 25 25 5 5 Average Capacity 20 | 7 8 10 10 10 11 24 20 5 5 Most Carried 25 | 5 8 8 9 9 15 25 25 5 5 Average Carried 18 | 4 5 8 8 9 9 22 18 4 4 Final Capacity 25 | 8 10 10 10 10 15 25 5 5 5 Final Carried 25 | 5 8 8 9 9 15 25 5 5 3 Class Distribution -------------------- 37% | Hacker-Skirmisher 19% | Hacker-Mutant 17% | Scientist-Skirmisher 12% | Skirmisher 9% | Mutant Dominant Class ---------------- Mutant | -10/Materials Mutant | -10/Mines Mutant | -10/Exiles Mutant | -9/Mines Skirmisher | -8/Materials Hacker-Skirmisher | -7/Factory Hacker-Skirmisher | -7/Storage Hacker-Sprinter | -6/Factory Hacker-Sprinter | -6/DSF Resources | -11 -10 -10 -10 -9 -8 -7 -7 -6 -6 ----------- Run | Yrd Mat Min Exi Min Mat Fac Sto Fac DSF Matter Collected 3465 | 267 113 . 17 . 495 1503 876 134 60 Remotely . | . . . . . . . . . . Salvage Created 4264 | 93 137 . . . 1030 2001 909 34 60 Parts 240 | 9 8 . . . 43 128 47 4 1 Haulers Intercepted 8 | . . . . . 3 1 4 . . Recyclers Shooed 2 | 1 . . . . . . 1 . . Parts Field Recycled . | . . . . . . . . . . Retrieved Matter . | . . . . . . . . . . Parts Self-Destructed . | . . . . . . . . . . Prevented . | . . . . . . . . . . Parts Restored . | . . . . . . . . . . Kills | -11 -10 -10 -10 -9 -8 -7 -7 -6 -6 ------- Run | Yrd Mat Min Exi Min Mat Fac Sto Fac DSF Combat Hostiles Destroyed 91 | . 3 . . . 16 53 18 . 1 Guns 32 | . 3 . . . 6 17 5 . 1 Cannons 41 | . . . . . 10 23 8 . . AOE 15 | . . . . . . 10 5 . . Classes Destroyed 12 | 2 1 . . . 5 3 . . 1 Worker 9 | . . . . . . 4 3 2 . Builder 4 | . . . . . . 3 1 . . Tunneler 2 | 2 . . . . . . . . . Hauler 8 | . . . . . 3 1 4 . . Recycler 7 | 1 . . . . 3 1 2 . . Operator 1 | . . . . . 1 . . . . Swarmer 14 | . . . . . 3 11 . . . Grunt 40 | . 3 . . . 6 20 11 . . Sentry 14 | . . . . . 5 6 3 . . Specialist 1 | . . . . . . . . . 1 Hunter 10 | . . . . . 2 5 3 . . Programmer 12 | . . . . . . 11 1 . . Best Kill Streak 8 | 3 3 . . . 5 8 8 2 1 Combat Bots Only 5 | . 3 . . . 5 5 5 . 1 Max Kills in Single Turn 3 | 1 1 . . . 2 3 3 1 1 Gunslinging . | . . . . . . . . . . Exploded 2 | . . . . . . 2 2 . . Melee . | . . . . . . . . . . Uniques/NPCs Destroyed . | . . . . . . . . . . Combat | -11 -10 -10 -10 -9 -8 -7 -7 -6 -6 -------- Run | Yrd Mat Min Exi Min Mat Fac Sto Fac DSF Hostile Shots Fired 847 | . 20 . . . 83 381 352 . 11 Missed 269 | . 1 . . . 19 131 114 . 4 Hits 578 | . 19 . . . 64 250 238 . 7 Projectile 578 | . 19 . . . 64 250 238 . 7 AOE 1 | . . . . . . . . . 1 Critical Strikes 19 | . 3 . . . 2 9 5 . . Damage Taken 7849 | . 254 . . . 842 3651 2854 . 248 Core 984 | . 42 . . . 141 355 332 . 114 Absorbed by Shields 12 | . . . . . . . . . 12 Core Remaining (%) 64 | 100 . . . 83 74 . 1 . . Volleys Fired 237 | 4 15 . . . 49 107 53 2 7 Largest 3 | 2 2 . . . 3 3 3 2 2 Hottest 187 | 60 70 . . . 144 187 139 93 68 Shots Fired 634 | 8 28 . . . 140 312 132 4 10 Gun 276 | 8 28 . . . 53 129 50 4 4 Cannon 341 | . . . . . 87 173 78 . 3 Launcher 17 | . . . . . . 10 4 . 3 Special . | . . . . . . . . . . Kinetic 317 | 4 15 . . . 87 105 97 2 7 Thermal 205 | 4 13 . . . 53 116 17 2 . Explosive 17 | . . . . . . 10 4 . 3 Electromagnetic 95 | . . . . . . 81 14 . . Robot Hit Streak 39 | 5 22 . . . 39 18 13 8 9 Robot Miss Streak 3 | . 1 . . . 3 2 2 . 1 Penetration Max 1 | . . . . . . . 1 . . Secondary Targets 1 | . . . . . . . 1 . . Max Gunslinging Chain 1 | . . . . . . . 1 . . Shots Hit Robots 426 | 5 24 . . . 96 206 86 2 7 Core Hits 216 | 3 8 . . . 36 119 45 2 3 Critical Kills 2 | . . . . . 1 1 . . . Critical Parts Destroyed . | . . . . . . . . . . Critical Strikes 23 | . 1 . . . 4 9 9 . . Burn 8 | . 1 . . . 2 4 1 . . Meltdown 1 | . . . . . . 1 . . . Destroy 1 | . . . . . 1 . . . . Blast 13 | . . . . . 1 4 8 . . Melee Attacks 18 | . . . . . . 13 5 . . Impact 18 | . . . . . . 13 5 . . Slashing . | . . . . . . . . . . Piercing . | . . . . . . . . . . Sneak Attacks . | . . . . . . . . . . Combat Hostiles . | . . . . . . . . . . Follow-up Attacks . | . . . . . . . . . . Damage Inflicted 11387 | 61 306 . . . 1918 5911 2946 31 214 Guns 3431 | 61 306 . . . 519 1709 769 31 36 Cannons 5476 | . . . . . 1399 2619 1370 . 88 Explosions 2396 | . . . . . . 1567 739 . 90 Melee 50 | . . . . . . . 50 . . Ramming 34 | . . . . . . 16 18 . . Kinetic 4554 | 26 182 . . . 920 1634 1668 . 124 Thermal 3731 | 35 124 . . . 998 2006 537 31 . Explosive 1853 | . . . . . . 1265 498 . 90 Electromagnetic 1165 | . . . . . . 990 175 . . Impact 50 | . . . . . . . 50 . . Slashing . | . . . . . . . . . . Piercing . | . . . . . . . . . . Highest Corruption 13 | . . . . . 1 10 13 . 1 Average Corruption 5 | . . . . . 1 4 11 . 1 Corruption Purged . | . . . . . . . . . . Corruption Blocked . | . . . . . . . . . . Effects 147 | . . . . . 3 92 52 . . Message Errors 35 | . . . . . 1 24 10 . . Matter Fused 41 | . . . . . . 27 14 . . Heat Flow Errors 14 | . . . . . 1 9 4 . . Energy Discharges 19 | . . . . . . 14 5 . . Parts Fused 1 | . . . . . . 1 . . . Data Loss (minor) 13 | . . . . . 1 7 5 . . Data Loss (major) 6 | . . . . . . 4 2 . . Misfires 4 | . . . . . . 2 2 . . Alerts 5 | . . . . . . 3 2 . . Misdirections 4 | . . . . . . . 4 . . Weapon Failures 5 | . . . . . . 1 4 . . Overload Shots 4 | . . . . . . . 4 . . Overflow Damage 210 | . . . . . 2 145 59 . 4 Projectiles 64 | . . . . . 2 5 57 . . Explosions 146 | . . . . . . 140 2 . 4 Melee . | . . . . . . . . . . Knockbacks 24 | . . . . . 6 7 11 . . Impact . | . . . . . . . . . . Kinetic 24 | . . . . . 6 7 11 . . Secondary . | . . . . . . . . . . Self-Inflicted Damage 482 | . . . . . . 322 62 . 98 Shots 12 | . . . . . . 9 1 . 2 Rammed 4 | . . . . . . 1 3 . . Targets Rammed 4 | . . . . . . 1 3 . . Kicked . | . . . . . . . . . . Crushed . | . . . . . . . . . . Highest Temperature 453 | . 291 . . . 291 453 282 12 . Average Temperature 110 | . 166 . . . 88 127 80 8 . Received Heat Transfer 2823 | . 204 . . . 333 1062 1224 . . Effects 11 | . 3 . . . 1 7 . . . Shutdowns 2 | . . . . . . 2 . . . Energy Bleed 2 | . 1 . . . . 1 . . . Interference 4 | . 2 . . . 1 1 . . . Matter Decay 2 | . . . . . . 2 . . . Short Circuit 1 | . . . . . . 1 . . . Siege Activations . | . . . . . . . . . . Martial Activations . | . . . . . . . . . . Shielding Activations . | . . . . . . . . . . Robots Disrupted . | . . . . . . . . . . Combat Hostiles . | . . . . . . . . . . Robots Corrupted 1 | . . . . . . 1 . . . Combat Hostiles 1 | . . . . . . 1 . . . Parts Fried 3 | . . . . . . 3 . . . Impact Corruptions . | . . . . . . . . . . Robots Melted 3 | . . . . . 1 2 . . . Combat Hostiles 2 | . . . . . . 2 . . . Parts Melted 7 | . . . . . 1 6 . . . Heat Transferred 6732 | 75 444 . . . 1813 3556 770 74 . Parts Sabotaged . | . . . . . . . . . . Parts Stolen . | . . . . . . . . . . Parts Stripped . | . . . . . . . . . . Power Chain Reactions 1 | . . . . . . . 1 . . Alert | -11 -10 -10 -10 -9 -8 -7 -7 -6 -6 ------- Run | Yrd Mat Min Exi Min Mat Fac Sto Fac DSF Maximum Alert Level 3 | . . . . . . 3 2 . . Low Security (%) 49 | 100 100 100 . 100 100 42 . 100 100 Level 1 27 | . . . . . . 39 13 . . Level 2 19 | . . . . . . 13 86 . . Level 3 3 | . . . . . . 4 . . . Level 4 . | . . . . . . . . . . Level 5 . | . . . . . . . . . . High Security . | . . . . . . . . . . Max Security . | . . . . . . . . . . Peak Influence 788 | 10 61 15 . . 122 788 558 145 78 Initial 358 | . . 15 . . . 42 358 145 24 Average 245 | 1 16 10 . . 67 263 478 90 50 Influence Increases 3133 | 15 71 . . . 518 1755 700 10 64 Destroy 0b10 Robot/C 1820 | . 60 . . . 320 1060 360 . 20 Destroy 0b10 Robot/NC 155 | 15 . . . . 35 45 50 10 . Destroy Leader 496 | . 10 . . . 106 282 98 . . Trap Triggered on 0b10 40 | . . . . . . 40 . . . Successful Hack 24 | . . . . . 24 . . . . Disable Machine 180 | . . . . . . 120 45 . 15 Destroy Structure 268 | . 1 . . . 3 148 87 . 29 Partial Spotted 30 | . . . . . 30 . . . . Lose Combat Pursuer 120 | . . . . . . 60 60 . . Influence Decreases 3085 | 15 30 36 5 . 425 1060 1168 295 51 Entered New Map 698 | . . 26 5 . . 51 430 175 11 Time Decay 1397 | 15 30 10 . . 385 409 428 120 . Lost Part 390 | . . . . . 40 150 160 . 40 Purge Threat 600 | . . . . . . 450 150 . . Squads Dispatched 50 | . 2 . . . 4 30 11 1 2 Investigation 16 | . 1 . . . 2 7 5 1 . Extermination 12 | . . . . . . 10 2 . . Reinforcement 12 | . 1 . . . 2 3 4 . 2 Assault 1 | . . . . . . 1 . . . Garrison 9 | . . . . . . 9 . . . Intercept . | . . . . . . . . . . Searches Triggered . | . . . . . . . . . . Construction Impeded 2 | . . . . . . 2 . . . Haulers Reinforced 3 | . . . . . . . 3 . . Active Scanning Responses . | . . . . . . . . . . Cargo Convoy Interrupts . | . . . . . . . . . . Stealth | -11 -10 -10 -10 -9 -8 -7 -7 -6 -6 --------- Run | Yrd Mat Min Exi Min Mat Fac Sto Fac DSF Distress Signals 9 | . 1 . . . 3 4 1 . . Communications Jammed . | . . . . . . . . . . Distress Signals . | . . . . . . . . . . Times Spotted 134 | . 5 . . . 26 64 36 . 3 Peak Tracking Total 9 | . 4 . . . 6 6 9 . 2 Tactical Retreats 6 | . . . . . . 2 4 . . Traps | -11 -10 -10 -10 -9 -8 -7 -7 -6 -6 ------- Run | Yrd Mat Min Exi Min Mat Fac Sto Fac DSF Traps Triggered 9 | . . . . . 1 4 3 . 1 Indirectly . | . . . . . . . . . . Trap Hack Attempts . | . . . . . . . . . . Triggered . | . . . . . . . . . . Disarmed . | . . . . . . . . . . Reprogrammed . | . . . . . . . . . . Reused 4 | . . . . . . 4 . . . Traps Reconfigurated 19 | . . . . . . 16 . . 3 Traps Extracted . | . . . . . . . . . . Installed . | . . . . . . . . . . Triggered 4 | . . . . . . 4 . . . Machines | -11 -10 -10 -10 -9 -8 -7 -7 -6 -6 ---------- Run | Yrd Mat Min Exi Min Mat Fac Sto Fac DSF Machines Disabled 12 | . . . . . . 8 3 . 1 Max in Single Turn 3 | . . . . . . 3 1 . 1 Garrison Access 2 | . . . . . 1 . . 1 . Machines Repaired . | . . . . . . . . . . Machines Dismantled . | . . . . . . . . . . Machines Sabotaged . | . . . . . . . . . . Overloaded Fab Kills . | . . . . . . . . . . Hacking | -11 -10 -10 -10 -9 -8 -7 -7 -6 -6 --------- Run | Yrd Mat Min Exi Min Mat Fac Sto Fac DSF Machines Accessed 34 | . . . 5 . 6 13 6 4 . Terminals 18 | . . . . . 3 8 5 2 . Fabricators 1 | . . . . . . 1 . . . Repair Stations . | . . . . . . . . . . Recycling Units 3 | . . . . . . 1 1 1 . Scanalyzers 4 | . . . . . 2 2 . . . Garrison Access 3 | . . . . . 1 1 . 1 . Total Hacks 132 | . . . 50 . 15 43 14 10 . Successful 83 | . . . 50 . 6 21 2 4 . Failed 47 | . . . . . 8 21 12 6 . Catastrophic 18 | . . . . . . 10 8 . . Database Lockouts 2 | . . . . . 1 1 . . . Manual 35 | . . . 1 . . 22 8 4 . Terminals 51 | . . . . . 8 26 12 5 . Fabricators 1 | . . . . . . 1 . . . Repair Stations . | . . . . . . . . . . Recycling Units 9 | . . . . . . 4 2 3 . Scanalyzers 15 | . . . . . 5 10 . . . Garrison Access 6 | . . . . . 2 2 . 2 . Terminal Hacks 63 | . . . 50 . 2 8 2 1 . Record 51 | . . . 49 . . 2 . . . Prototype ID Bank 1 | . . . . . 1 . . . . Open Door 1 | . . . . . . . 1 . . Open DSF 1 | . . . . . . . . 1 . Alert Level 3 | . . . . . . 3 . . . Unreport Threat 4 | . . . . . . 3 1 . . Registered Components 1 | . . . . . 1 . . . . Proto ID Catalog 1 | . . . 1 . . . . . . Fabricator Hacks 1 | . . . . . . 1 . . . Network Status 1 | . . . . . . 1 . . . Repair Station Hacks . | . . . . . . . . . . Recycling Unit Hacks 5 | . . . . . . 3 . 2 . Report Inventory 2 | . . . . . . 1 . 1 . Retrieve Matter 2 | . . . . . . 1 . 1 . Retrieve Components 1 | . . . . . . 1 . . . Scanalyzer 12 | . . . . . 3 9 . . . Insert Component 1 | . . . . . 1 . . . . Analyze 1 | . . . . . 1 . . . . Retrieve Study 10 | . . . . . 1 9 . . . Garrison Access Hacks 2 | . . . . . 1 . . 1 . Seal Access 2 | . . . . . 1 . . 1 . Unauthorized Hacks . | . . . . . . . . . . Terminals . | . . . . . . . . . . Fabricators . | . . . . . . . . . . Repair Stations . | . . . . . . . . . . Recycling Units . | . . . . . . . . . . Scanalyzers . | . . . . . . . . . . Garrison Access . | . . . . . . . . . . Data Cores Recovered . | . . . . . . . . . . Used . | . . . . . . . . . . Hacking Detections 22 | . . . . . 5 9 6 2 . Full Trace Events 16 | . . . . . 3 7 5 1 . Feedback Events 1 | . . . . . 1 . . . . Corruption 1 | . . . . . 1 . . . . Feedback Blocked 1 | . . . . . . 1 . . . Robot Schematics Acquired . | . . . . . . . . . . Robots Built . | . . . . . . . . . . Authchips . | . . . . . . . . . . Time . | . . . . . . . . . . Total Robot Build Rating . | . . . . . . . . . . Part Schematics Acquired 1 | . . . . . 1 . . . . Parts Built . | . . . . . . . . . . Authchips . | . . . . . . . . . . Time . | . . . . . . . . . . Total Part Build Rating . | . . . . . . . . . . Part Studies Acquired 10 | . . . . . 1 9 . . . Parts Repaired . | . . . . . . . . . . Time . | . . . . . . . . . . Parts Recycled . | . . . . . . . . . . Recycled Matter . | . . . . . . . . . . Retrieved Matter 43 | . . . . . . 43 . . . Retrieved Components 9 | . . . . . . 9 . . . Parts Scanalyzed 1 | . . . . . 1 . . . . Part Schematics Acquired 1 | . . . . . 1 . . . . Parts Damaged . | . . . . . . . . . . Bothacking | -11 -10 -10 -10 -9 -8 -7 -7 -6 -6 ------------ Run | Yrd Mat Min Exi Min Mat Fac Sto Fac DSF Used RIF Installer . | . . . . . . . . . . Robots Hacked . | . . . . . . . . . . Non-combat . | . . . . . . . . . . Combat . | . . . . . . . . . . Robot Hacks Applied . | . . . . . . . . . . Relay Couplers Released . | . . . . . . . . . . Fabnet Peak Effective % . | . . . . . . . . . . Robots Rewired . | . . . . . . . . . . Allies Hacked . | . . . . . . . . . . Hacks Repelled . | . . . . . . . . . . Allies | -11 -10 -10 -10 -9 -8 -7 -7 -6 -6 -------- Run | Yrd Mat Min Exi Min Mat Fac Sto Fac DSF Total Allies . | . . . . . . . . . . Largest Group . | . . . . . . . . . . Highest-Rated Group . | . . . . . . . . . . Highest-Rated Ally . | . . . . . . . . . . Total Orders . | . . . . . . . . . . Ally Attacks . | . . . . . . . . . . Total Damage . | . . . . . . . . . . Kills . | . . . . . . . . . . Allies Corrupted . | . . . . . . . . . . Allies Melted . | . . . . . . . . . . Intel | -11 -10 -10 -10 -9 -8 -7 -7 -6 -6 ------- Run | Yrd Mat Min Exi Min Mat Fac Sto Fac DSF Active Infowar (turns) 7103 | 36 129 . . . . 5608 1046 242 42 Optics 6938 | . . . . . . 5608 1046 242 42 Seismic 165 | 36 129 . . . . . . . . Robot Analysis Total . | . . . . . . . . . . Derelict Logs Recovered 1 | . . . . 1 . . . . . Drone Launches . | . . . . . . . . . . Drone Recoveries . | . . . . . . . . . . Exploration | -11 -10 -10 -10 -9 -8 -7 -7 -6 -6 ------------- Run | Yrd Mat Min Exi Min Mat Fac Sto Fac DSF Turns Passed 8979 | 120 169 36 407 116 1111 5690 1046 242 42 Spaces Moved 4329 | 54 75 29 452 128 591 2292 375 313 20 Core 1 | 1 . . . . . . . . . Treads 2715 | . 4 . . . 207 2292 212 . . Legs 92 | 45 41 . . . . . 6 . . Wheels 1031 | 8 30 29 452 128 384 . . . . Hover . | . . . . . . . . . . Flight 490 | . . . . . . . 157 313 20 Fastest Speed 20 | 50 90 90 90 90 90 158 20 27 27 Average Speed 162 | 158 148 90 90 90 138 206 169 29 30 Slowest Speed 750 | 190 190 90 90 90 250 238 750 94 95 Overloaded Moves 28 | . . . . . . . 28 . . Propulsion Burnouts . | . . . . . . . . . . Robots Hopped . | . . . . . . . . . . Potential Cave-ins . | . . . . . . . . . . Cave-ins Triggered . | . . . . . . . . . . Exploration Rate (%) 37 | 3 26 10 93 9 49 60 73 9 39 Regions Visited 9 Branch Regions 4 Pre-discovered Areas 1 | . . . 1 . . . . . . Known Exits Taken 1 | . . . . . . . . 1 . Unknown Exits Taken 8 | 1 1 1 1 1 1 1 1 . . Scrap Searched . | . . . . . . . . . . Spaces Dug 97 | . . . . . . 93 4 . . Terrain Destroyed 330 | . . . . . 3 200 89 1 37 Melee 17 | . . . . . . 13 4 . . Projectile 42 | . . . . . 3 11 27 1 . AOE 271 | . . . . . . 176 58 . 37 Terrain Rammed . | . . . . . . . . . . Walls Destroyed . | . . . . . . . . . . Machines Disabled . | . . . . . . . . . . Actions | -11 -10 -10 -10 -9 -8 -7 -7 -6 -6 --------- Run | Yrd Mat Min Exi Min Mat Fac Sto Fac DSF Total 5711 | 77 101 38 452 128 777 2982 653 459 44 Wait 833 | 7 4 10 . . 85 430 160 137 . Move 4320 | 53 74 28 451 127 590 2291 374 312 20 Hop . | . . . . . . . . . . Pick Up 81 | 5 2 . 1 . 18 42 11 2 . Fast Attach 25 | 7 . . . . 8 2 7 1 . Attach 38 | . . . . . 5 19 12 . 2 Detach 2 | . . . . . 1 1 . . . Swap 88 | 1 6 . . 1 7 52 18 2 1 Drop 45 | . . . . . 14 20 8 3 . Fire 237 | 4 15 . . . 49 107 53 2 7 Melee 18 | . . . . . . 13 5 . . Ram . | . . . . . . . . . . Kick . | . . . . . . . . . . Crush 4 | . . . . . . 1 3 . . Escape Stasis 20 | . . . . . . 4 2 . 14 Rewire . | . . . . . . . . . . Trap . | . . . . . . . . . . Miscellaneous . | . . . . . . . . . . Route ------- -11/Scrapyard -10/Materials -10/Mines (discovered 2 exits: [*Mat] / *Exi) -10/Exiles (discovered 2 exits: [*Min x2]) -9/Mines -8/Materials -7/Factory -7/Storage -6/Factory -6/DSF History --------- Turn | Location | Event 23 | -11/Scrapyard | Discovered new exit (range 16) 121 | -11/Scrapyard | Entered Materials 254 | -10/Materials | Met 8R-AWN 274 | -10/Materials | Discovered new exit (range 12) 290 | -10/Materials | Entered Mines 290 | -10/Mines | Discovered new exit (range 8) 291 | -10/Mines | Followed 8R-AWN into the Mines 303 | -10/Mines | Build established: Mutant 320 | -10/Mines | Discovered new exit (range 5) 326 | -10/Mines | Entered Exiles 344 | -10/Exiles | Discovered new exit (range 15) 355 | -10/Exiles | Welcomed by 8R-AWN 372 | -10/Exiles | Met EX-HEX 399 | -10/Exiles | Met EX-BIN 412 | -10/Exiles | Aligned with FarCom system 413 | -10/Exiles | Given EX-Vault access code 458 | -10/Exiles | Opened EX-Vault 464 | -10/Exiles | Found Trap Reconfigurator 483 | -10/Exiles | Warned to stay clear of 0b10 Research branches 511 | -10/Exiles | Learned location of Zion (-7) 521 | -10/Exiles | Met EX-DEC 589 | -10/Exiles | Visited The Gauntlet 724 | -10/Exiles | Discovered new exit (range 12) 733 | -10/Exiles | Left Exiles lab with Trap Reconfigurator 733 | -10/Exiles | Entered Mines 734 | -9/Mines | Assembled infested the area 739 | -9/Mines | Assisted by a Guerilla fighting off Assembled 802 | -9/Mines | Learned Materials emergency access door positions 841 | -9/Mines | Discovered new exit (range 6) 849 | -9/Mines | Entered Materials 849 | -8/Materials | Evolved 4 slots: Propulsion x1, Utility x2, Weapon x1 1149 | -8/Materials | Build established: Skirmisher 1781 | -8/Materials | Discovered new exit (range 4) 1795 | -8/Materials | Central database locked down 1960 | -8/Materials | Entered Factory 1960 | -7/Factory | Evolved 2 slots: Utility x2 2270 | -7/Factory | Build established: Hacker-Skirmisher 3062 | -7/Factory | Garrison activated, responded to threat 3433 | -7/Factory | Build established: Scientist-Skirmisher 3596 | -7/Factory | Central database locked down 4567 | -7/Factory | Build established: Hacker-Skirmisher 5172 | -7/Factory | Build established: Scientist-Skirmisher 5347 | -7/Factory | Garrison activated, responded to threat 5372 | -7/Factory | Lost 4 parts (2p1n1w) 6147 | -7/Factory | Build established: Hacker-Mutant 6732 | -7/Factory | Core integrity fell below 50% 7067 | -7/Factory | Build established: Hacker-Skirmisher 7417 | -7/Factory | System corruption reached 10% 7560 | -7/Factory | First assault squad dispatched 7641 | -7/Factory | Discovered new exit (range 3) 7650 | -7/Factory | Entered Storage 8317 | -7/Storage | Lost 7 parts (1p2n1u3w) 8327 | -7/Storage | Core integrity fell below 20% 8436 | -7/Storage | Lost 4 parts (1p1n1u1w) 8667 | -7/Storage | Build established: Hacker-Mutant 8681 | -7/Storage | Discovered new exit (range 10) 8696 | -7/Storage | Entered Factory 8696 | -6/Factory | Evolved 2 slots: Propulsion x2 8746 | -6/Factory | Identified exit to DSF 8938 | -6/Factory | Entered DSF 8971 | -6/DSF | Additional patrols routed to DSF 8980 | -6/DSF | Self-destructed Last Messages --------------- 08958_ Destroyed Hvy. Missile Launcher. 08961_ Stasis Trap reprogrammed. 08961_ X-72 Disruptor destroyed. 08964_ Acquired 60 matter. 08966_ The unstable cave ceiling collapses. 08966_ ALERT: Suspicious intruders detected, dispatching Cutter reinforcements to area. 08970_ Slug penetrates Wall. 08971_ DSF_073 integrity compromised, routing additional patrols. 08973_ H-61 Shepherd calls for reinforcements. 08973_ ALERT: Hostile activity reported, dispatching reinforcements to area. 08973_ Penetrated by Slug. 08975_ Reaction Control System destroyed. 08975_ Imp. Grenade Launcher+ destroyed. 08978_ The unstable cave ceiling collapses. 08978_ Hacking Suite destroyed. 08978_ System corrupted by crushing effect (+1). 08978_ Knocked back. Map ----- +----------------------------------------------------+ | | | | | ??????????????????????????????? | | ??????????????????????????????? | | ??????????????????????????????? | | ????????####??????????????????? | | ????????#""#??????????????????? | | ???????###"#######????????????? | | ??????## # ### # #???????####?? | | ??????#" #####??!!! #?? | | ???#??#"" #!!!# !!! # | | ???#"##"" ^ | | ???#""""" ! ^ | | ???####" !! !!!### ###** | | ?????### !! !!!#?????????? | | ?????# # ####?????????? | | ?????# ! !!#####????????????? | | ?????# ! !!#????????????????? | | ?????# ##????????????????? | | ?????# #????????????????? | | ?????### #????????????????? | | ???????# #????????????????? | | ??????### ###????????????????? | | ??????# ##?????????????????? | | ????### # #!!!#?????????? | | ????# @ c | | ????#! ! H % | | ????###! | | ??????#! ## #!!!##A A##?? | | ??????# ! #? #??!#???? ##??? | | ??????### #??###?????????????? | | ????????[ [??????????????????? | | ????????[ [[?????????????????? | | ????????[ [[#????????????????? | | ????????# ###????????????????? | | ???????? ??????????????????? | | ???????? ??????????????????? | | ????????# ##?????????????????? | | ????????? #??????????????????? | | ????????? ??????????????????? | | ????????? ??????????????????? | | ????????? ??????????????????? | | ?????????"""??????????????????? | | ?????????"""??????????????????? | | ??????????????????????????????? | | ??????????????????????????????? | | ??????????????????????????????? | | ??????????????????????????????? | | ??????????????????????????????? | | ??????????????????????????????? | +----------------------------------------------------+ Best States ------------- Heat Dissipation 37 Coolant Potential 65 Energy Generation 17 Energy Capacity 300 Matter Stores 300 Matter Capacity 300 Sight Range 22 Terrain Scan Density 10 Armor Coverage 150 Evasion (%) 73 Targeting Accuracy 8 Recoil Reduction 3 Offensive Hacking 10 Defensive Hacking 10 Item Schematics ----------------- Hacking Suite | -8/Materials | Scanalyzed Robot Schematics ------------------ None Fabricated ------------ Nothing Repaired ---------- Nothing Studied --------- Imp. Grenade Launcher | -8/Materials | Hacked Arm. Treads | -7/Factory | Hacked Adv. Treads | -7/Factory | Hacked Lgt. Treads | -7/Factory | Hacked Powered Hammer | -7/Factory | Hacked Deuterium Engine | -7/Factory | Hacked EM Pulse Cannon | -7/Factory | Hacked Gauss Cannon | -7/Factory | Hacked Ion Cannon | -7/Factory | Hacked Lgt. Nuclear Core | -7/Factory | Hacked Alien Tech Used ----------------- None Achievements -------------- Follow The Leader Sixth Sense Challenges ------------ None Game ------ Seed GlidesysHeatMicrothruster Manual? 0 Play Time 02:14:30 Cumulative 56.6 hours Start 2026.02.26 @ 16:33:27 End 2026.02.26 @ 22:20:42 Sessions 3 Manual Loads 0 Difficulty Rogue Special Mode None Game No. 30 Rogue 27 Adventurer 0 Explorer 3 Win Type - Total 0 Types 0/0/0/0/0/0/0/0/0/0 Lore% 19 Gallery% 34 Achievement% 29 Wizard Run 0 Options --------- Layout 1 ASCII 0 Keyboard 0 Movement Numpad Keybinds 0 Fullscreen 2 Font 32/Smallcaps Map View 50x35 Zoom Use 0% Tactical HUD 1 Map Filters NONE Filters NONE Steam 1 RUN: 173a177f-7235-4483-8025-0adbfd7761df